 Dungeon Crawl Stone Soup version 0.21-a0-225-g207ae17 (webtiles) character file.

1409 tidbits the Fighter (level 8, -2/74 HPs)
             Began as a White Draconian Wanderer on Aug 28, 2017.
             Was an Initiate of Makhleb.
             Killed from afar by Dowan (9 damage)
             ... with a puff of flame
             ... on level 7 of the Dungeon.
             The game lasted 00:22:19 (1796 turns).

tidbits the Fighter (White Draconian Wanderer)      Turns: 1796, Time: 00:22:20

Health: -2/74      AC:  8    Str: 16      XL:     8   Next: 42%
Magic:  11/11      EV:  8    Int: 18 (19) God:    Makhleb [......]
Gold:   163        SH: 16    Dex:  6 (10) Spells: 10/11 levels left

rFire    . . .     SeeInvis .   i - +0 war axe (vamp)
rCold    + . .     Gourm    .   D - +2 large shield
rNeg     . . .     Faith    .   (armour unavailable)
rPois    .         Spirit   .   (helmet restricted)
rElec    .         Reflect  .   (no cloak)
rCorr    .         Harm     .   G - +1 pair of gloves
MR       .....                  (no boots)
Stlth    ++........             R - amulet of regeneration
HPRegen  0.62/turn              g - ring of stealth
MPRegen  0.12/turn              (no ring)

@: brilliant
A: breathe frost, unfitting armour, cold resistance 1, cold-blooded, AC +6
a: Breathe Frost, Renounce Religion


You were on level 7 of the Dungeon.
You worshipped Makhleb.
Makhleb was noncommittal.
You were not hungry.

You visited 1 branch of the dungeon, and saw 7 of its levels.
You also visited: Sewer.

You collected 163 gold pieces.

Inventory:

Hand Weapons
 a - a +1 trident of venom
   (You found it on level 4 of the Dungeon)
 d - a +0 dagger
 i - a +0 vampiric war axe (weapon)
   (You took it off a kobold in a sewer)
 l - a +0 flail
 q - a +2 spear
 z - a +0 shortbow
Missiles
 h - 71 stones
 p - 49 bolts
 v - 6 tomahawks (quivered)
 y - 29 arrows
Armour
 D - a +2 large shield (worn)
 G - a +1 pair of gloves (worn)
Jewellery
 b - an uncursed amulet of faith {unknown}
   (You took it off a kobold in a sewer)
 g - a ring of stealth (left hand)
   (You found it on level 3 of the Dungeon)
 R - an amulet of regeneration (around neck)
   (You found it on level 2 of the Dungeon)
Wands
 o - a wand of polymorph (11/24)
Scrolls
 e - 2 scrolls of amnesia
 m - a scroll of identify
 n - 2 scrolls of random uselessness
 u - a scroll of enchant weapon {unknown}
 x - a scroll of magic mapping {unknown}
Potions
 k - a potion of heal wounds
 r - 2 potions of flight
Books
 c - the Almanac of the Arsonist

   Spells                             Type                      Level
   a - Flame Tongue                   Conjuration/Fire             1
   b - Conjure Flame                  Conjuration/Fire             3
 t - the Grimoire of Captivating Clay
   (You found it on level 5 of the Dungeon)

   Spells                             Type                      Level
   a - Passwall                       Transmutation/Earth          2
   b - Confuse                        Hexes                        3
   c - Cause Fear                     Hexes                        4
Comestibles
 f - 3 bread rations
 s - 3 fruits
 w - 2 chunks of flesh


   Skills:
 - Level 8.2 Fighting
 + Level 3.3(3.4) Axes
 - Level 1.0(2.3) Polearms
 - Level 1.7 Dodging
 - Level 1.7 Stealth
 - Level 6.0 Shields
 - Level 2.0 Spellcasting
 - Level 0.7 Fire Magic
 - Level 1.0 Evocations


You had 10 spell levels left.
You knew the following spells:

 Your Spells              Type           Power        Failure   Level  Hunger
z - Flame Tongue          Conj/Fire      ##...        19%         1    #......


Dungeon Overview and Level Annotations

Branches:
Dungeon (7/15)
 Temple: D:4-7

Altars:

Annotations:
D:7 Dowan, Duvessa, Pikel


Innate Abilities, Weirdness & Mutations

You can breathe waves of freezing cold.
You can buffet flying creatures when you breathe cold.
Your icy white scales are hard. (AC +6)
You cannot fit into any form of body armour.
Your flesh is cold resistant. (rC+)
You are cold-blooded and may be slowed by cold attacks.


Message History

No target in view!
No target in view!
No target in view!
Items here: )) [[ ††
Okay, then.
Things that are here:
a short sword; an orc corpse
v - 6 tomahawks (gained 3)
There is a stone staircase leading down here.
Things that are here:
a leather armour; an orc corpse
There is a stone staircase leading down here.
A - a scroll of enchant armour
As you read the scroll of enchant armour, it crumbles to dust.
Your +0 pair of gloves glows green for a moment.
There is a stone staircase leading down here.
You climb downwards. 4 slaves, Duvessa, Dowan and Pikel come into view.
Pikel is wielding a whip of flaming.
Found 25 stones, a murky pink potion and a scroll labeled KEWALI HUGOPN.
There is a stone staircase leading up here.
It was a potion of heal wounds.
You feel much better.
The helpless Duvessa fails to defend herself.
You hit Duvessa.
Duvessa is lightly wounded.
The helpless slave fails to defend itself.
You hit the slave but do no damage.
The helpless slave fails to defend itself.
You hit the slave.
The helpless slave fails to defend itself.
You slash the slave!
Dowan shouts!
Pikel shouts!
Duvessa says, "When magic and the sword combine, nothing stands against them."
You block Duvessa's attack. You block the slave's attack.
Dowan zaps a wand.
The puff of flame hits you!
It is a wand of flame (?/48).
The slave hits you but does no damage.
A worker ant comes into view.
Unknown command.
It was a potion of brilliance.
You feel clever all of a sudden. Duvessa hits you with a short sword!
You block the slave's attack. x2
The slave hits you but does no damage.
Unknown command.
You hit Pikel but do no damage.
Your tail-slap misses Pikel.
Your shield prevents you from hitting the slave. x2
You closely miss the slave. You completely miss Duvessa.
You closely miss the slave. Pikel hits you with a whip of flaming.
Pikel burns you. The slave barely misses you.
Duvessa hits you with a short sword! You block the slave's attack.
The slave barely misses you. You block the slave's attack.
You block Pikel's attack. You block the slave's attack. The slave hits you. x3
Dowan mumbles some strange words.
Dowan blinks!
Okay, then.
You slash Pikel!
You feel better.
Your tail-slap misses Pikel.
Pikel is moderately wounded.
You slash the slave!
You feel better.
You hit the slave but do no damage. You miss the slave. You hit Duvessa.
You feel better.
You completely miss the slave.
Pikel says, "Slavery isn't that bad."
Pikel hits you but does no damage. You block Duvessa's attack.
The slave closely misses you. You block the slave's attack. The slave hits you!
The slave barely misses you.
Unknown command.
You miss Pikel.
Pikel is moderately wounded.
You hit the slave. You hit the worker ant.
You feel better.
You hit Duvessa but do no damage. You barely miss the slave.
You closely miss the slave. x2; Pikel hits you but does no damage.
The slave closely misses you.
Duvessa says, "My weaknesses are his strengths!"
You block Duvessa's attack. The slave hits you. You block the slave's attack.
The slave hits you but does no damage. The worker ant bites you!
* * * LOW HITPOINT WARNING * * *
Dowan casts a spell at you. The puff of frost hits you! You resist.
* * * LOW HITPOINT WARNING * * *
Pikel hits you but does no damage. The slave hits you.
* * * LOW HITPOINT WARNING * * *
You block the worker ant's attack. Duvessa hits you with a short sword.
* * * LOW HITPOINT WARNING * * *
You block the slave's attack. The slave hits you but does no damage.
The slave hits you.
* * * LOW HITPOINT WARNING * * *
Dowan points at you and mumbles some strange words.
The puff of flame hits you!
* * * LOW HITPOINT WARNING * * *
Unknown command.
The worker ant bites you.
* * * LOW HITPOINT WARNING * * *
Pikel hits you with a whip of flaming.
* * * LOW HITPOINT WARNING * * *
Pikel burns you.
* * * LOW HITPOINT WARNING * * *
You block Duvessa's attack. You block the slave's attack. x2
The slave barely misses you. The slave hits you.
* * * LOW HITPOINT WARNING * * *
Dowan casts a spell at you. The puff of flame hits you!
You die...

#. #.. #. #..
###.# ... ....
.. ##. #..##.#
....
#####(..(#..#..
......pea......
#......@p..#
#....eppK..#
#.............#
#..........##!.
#......?...#
####....#.
......######
##........
.....#
##.........
##...
#..........
...........


You could see Pikel, Duvessa, 4 slaves, Dowan and a worker ant.

Vanquished Creatures
  Grinder (Sewer)
  Eustachio (D:5)
  2 ogres
  2 centaurs (D:6)
  2 big kobolds (Sewer)
  4 crimson imps
  A quasit (Sewer)
  A hound (D:6)
  A centaur zombie (D:5)
  A centaur skeleton (D:4)
  3 worker ants
  5 big kobold zombies (Sewer)
  A hound skeleton (D:6)
  7 adders
  A worker ant zombie (D:5)
  A river rat (D:6)
  2 shadow imps (Sewer)
  2 ufetubi (Sewer)
  An ooze (D:2)
  2 dart slugs (D:2)
  10 orcs
  4 giant cockroaches
  4 goblins
  A hobgoblin (D:2)
  8 jackals
  A quokka (D:6)
  3 ball pythons (D:6)
  2 bats
  4 frilled lizards
  A giant cockroach zombie (Sewer)
  8 kobolds (Sewer)
  A quokka zombie (D:6)
  5 rats
93 creatures vanquished.

Vanquished Creatures (others)
  A kobold (Sewer)
  A kobold zombie (Sewer)
2 creatures vanquished.

Grand Total: 95 creatures vanquished

Notes
Turn   | Place    | Note
-------+----------+-------------------------------------------
     0 | D:1      | tidbits the Draconian Wanderer began the quest for the Orb.
     0 | D:1      | tidbits set off with: a +2 spear, a scroll of teleportation, the Almanac of the Arsonist, a +0 dagger, a bread ration
     0 | D:1      | Reached XP level 1. HP: 16/16 MP: 3/3
     0 | D:1      | Identified the Almanac of the Arsonist
   103 | D:2      | tidbits: amulet of regeneration
   112 | D:2      | Reached skill level 2 in Fighting
   116 | D:2      | Reached XP level 2. HP: 24/24 MP: 5/5
   199 | D:2      | Learned a level 1 spell: Flame Tongue
   319 | D:2      | Reached skill level 3 in Fighting
   359 | D:2      | Reached XP level 3. HP: 30/31 MP: 6/6
   609 | D:5      | Entered Level 5 of the Dungeon
   621 | D:5      | Reached skill level 4 in Fighting
   661 | D:6      | Reached XP level 4. HP: 41/41 MP: 7/7
   731 | D:5      | Identified the Grimoire of Captivating Clay
   771 | D:5      | Noticed an ogre
   781 | D:5      | Killed an ogre
   781 | D:5      | Reached skill level 5 in Fighting
   781 | D:5      | Reached skill level 2 in Shields
   781 | D:5      | Reached XP level 5. HP: 44/48 MP: 8/8
   891 | D:4      | Reached XP level 6. HP: 53/57 MP: 9/9
   965 | D:6      | Reached skill level 3 in Shields
   979 | D:6      | Reached skill level 6 in Fighting
  1060 | D:6      | Reached skill level 4 in Shields
  1060 | D:6      | Your scales start taking on an icy white colour.
  1060 | D:6      | Reduced skill Fire Magic to level 0
  1060 | D:6      | Reached XP level 7. HP: 60/64 MP: 10/10
  1060 | D:6      | Gained mutation: Your flesh is cold resistant. (rC+) [White Draconian growth]
  1073 | D:6      | Reached skill level 7 in Fighting
  1081 | D:6      | Found a glowing drain.
  1092 | Sewer    | Entered a sewer
  1274 | Sewer    | Reached skill level 5 in Shields
  1275 | Sewer    | Found a burning altar of Makhleb.
  1293 | Sewer    | Noticed Grinder
  1311 | Sewer    | Paralysed by Grinder for 3 turns
  1321 | Sewer    | Paralysed by Grinder for 5 turns
  1350 | Sewer    | Killed Grinder
  1350 | Sewer    | Reached XP level 8. HP: 39/74 MP: 11/11
  1394 | Sewer    | Reached skill level 8 in Fighting
  1481 | Sewer    | Became a worshipper of Makhleb the Destroyer
  1547 | Sewer    | Reached skill level 6 in Shields
  1616 | D:6      | Reached skill level 1 in Axes
  1645 | D:5      | Noticed Eustachio
  1672 | D:5      | Killed Eustachio
  1672 | D:5      | Reached skill level 3 in Axes
  1789 | D:7      | Noticed Pikel
  1789 | D:7      | Noticed Duvessa
  1789 | D:7      | Noticed Dowan
  1796 | D:7      | HP: 7/74 [slave[Pikel] (5)]
  1796 | D:7      | Killed from afar by Dowan

Vault maps used:
D:1:      minmay_arrival_stair_chambers, minmay_tetromino_t2
D:2:      minmay_tree_intersection, grunt_ministairs_1,
          nemelex_lonely_heart_becter
D:3:      uniq_ijyb
D:5:      minmay_temple_entry_statues_fountains, first_bread, uniq_eustachio
D:6:      portal_sewer_entry_b
D:7:      uniq_pikel, uniq_menkaure, uniq_duvessa
Sewer:    kennysheep_sewer_church

Skill      XL: |  1  2  3  4  5  6  7  8 |
---------------+-------------------------+-----
Fighting       | 2 3 4 5 6 7 8 |  8.2
Shields        | 2 4 5 6 |  6.0
Fire Magic     | 0 |  0.7
Axes           | 3 |  3.3
Polearms       | |  1.0
Dodging        | |  1.7
Stealth        | |  1.7
Spellcasting   | |  2.0
Evocations     | |  1.0

Action                   |  1- 3 |  4- 6 |  7- 9 || total
-------------------------+-------+-------+-------++-------
Melee: Spear             |    65 |       |       ||    65
       Tailslap          |     3 |     7 |    26 ||    36
       Trident           |    11 |    85 |   176 ||   272
       War axe           |       |       |    90 ||    90
Throw: Stone             |       |     2 |       ||     2
       Tomahawk          |       |       |     2 ||     2
 Cast: Flame Tongue      |     1 |       |       ||     1
  Use: Scroll            |       |       |     8 ||     8
       Potion            |       |       |     5 ||     5
 Stab: Sleeping          |     4 |     3 |     8 ||    15
  Eat: Chunk             |       |     1 |       ||     1
       Fruit             |       |       |     1 ||     1
       Royal jelly       |       |       |     2 ||     2
       Bread ration      |       |       |     1 ||     1
Armor: Skin              |    15 |    19 |   137 ||   171
Dodge: Dodged            |    34 |    16 |   130 ||   180
Block: Large shield      |       |    48 |   305 ||   353

Table legend:
 A = Spawn XP
 B = Non-spawn XP
 C = Spawn XP percentage of total XP
 D = Spawn monster count
 E = Non-spawn monster count
 F = Spawn count percentage of total count
 G = Total turns spent on level
                    A         B        C        D         E        F      G
               +---------+---------+-------+---------+---------+-------+---------
         Total |       0 |    2014 |   0.0 |       0 |      93 |   0.0 |  1796
               +---------+---------+-------+---------+---------+-------+---------
           D:1 |       0 |       7 |   0.0 |       0 |       5 |   0.0 |    81
           D:2 |       0 |      37 |   0.0 |       0 |       9 |   0.0 |   293
           D:3 |       0 |      20 |   0.0 |       0 |       4 |   0.0 |   166
           D:4 |       0 |      74 |   0.0 |       0 |       3 |   0.0 |   121
           D:5 |       0 |     456 |   0.0 |       0 |      14 |   0.0 |   320
           D:6 |       0 |     676 |   0.0 |       0 |      30 |   0.0 |   329
         Sewer |       0 |     744 |   0.0 |       0 |      28 |   0.0 |   470
               +---------+---------+-------+---------+---------+-------+---------

Table legend:
 A = Turns spent in this place as a percentage of turns spent in the entire game.
 B = Non-inter-level travel turns spent in this place as a percentage of non-inter-level travel turns spent in the entire game.
 C = Inter-level travel turns spent in this place as a percentage of turns spent in this place.
 D = Turns resting spent in this place as a percentage of non-inter-level travel turns spent in this place.
 E = Turns spent auto-exploring this place as a percentage of non-inter-level travel turns spent in this place.
 F = Non-inter-level travel turns spent in this place divided by the number of levels of this place that you've seen.
                   A       B       C       D       E      F
               +-------+-------+-------+-------+-------+----------------------
         Total | 100.0 | 100.0 |   0.0 |   0.0 |   0.0 | 224.5
       Dungeon |  73.8 |  73.8 |   0.0 |   0.0 |   0.0 | 189.4
         Sewer |  26.2 |  26.2 |   0.0 |   0.0 |   0.0 | 470.0
               +-------+-------+-------+-------+-------+----------------------

Table legend:
 A = Kills in this place as a percentage of kills in entire the game.
 B = Kills by you in this place as a percentage of kills by you in the entire game.
 C = Kills by friends in this place as a percentage of kills by friends in the entire game.
 D = Other kills in this place as a percentage of other kills in the entire game.
 E = Experience gained in this place as a percentage of experience gained in the entire game.
 F = Experience gained in this place divided by the number of levels of this place that you have seen.
                   A       B       C       D       E      F
               +-------+-------+-------+-------+-------+----------------------
         Total | 100.0 | 100.0 |   N/A |   N/A | 100.0 | 251.8
       Dungeon |  69.9 |  69.9 |   N/A |   N/A |  63.1 | 181.4
         Sewer |  30.1 |  30.1 |   N/A |   N/A |  36.9 | 744.0
               +-------+-------+-------+-------+-------+----------------------

Vault maps used:
D:1:      minmay_arrival_stair_chambers, minmay_tetromino_t2
D:2:      minmay_tree_intersection, grunt_ministairs_1,
          nemelex_lonely_heart_becter
D:3:      uniq_ijyb
D:5:      minmay_temple_entry_statues_fountains, first_bread, uniq_eustachio
D:6:      portal_sewer_entry_b
D:7:      uniq_pikel, uniq_menkaure, uniq_duvessa
Sewer:    kennysheep_sewer_church
